 Dungeon Crawl Stone Soup version 0.30.0-30-g96aa6591b8 (webtiles) character file.

Game seed: 17076050812701961142

825 AgateBread the Shield-Bearer (level 7, 0/78 HPs)
             Began as a Demonspawn Venom Mage on July 1, 2023.
             Was an Initiate of Ashenzari.
             Slain by a gnoll bouda
             ... wielding a +0 whip
              (3 damage)
             ... on level 5 of the Dungeon.
             The game lasted 00:34:44 (6351 turns).

AgateBread the Shield-Bearer (DsVM)                 Turns: 6351, Time: 00:34:45

Health: 0/78       AC: 27    Str:  5 (8)  XL:     7   Next: 64%
Magic:  3/10       EV:  2    Int: 22 (23) God:    Ashenzari [......]
Gold:   145        SH:  6    Dex: 16 (19) Spells: 5/10 levels left

rFire   . . .        o - +0 short sword
rCold   . . .        J - +0 buckler
rNeg    . . .        h - melded +2 leather armour {rC+}
rPois   +            F - melded +0 helmet
rElec   .            e - melded +0 cloak
rCorr   .            z - melded +0 pair of gloves
SInv    .            (boots currently unavailable)
Will    .....        (no amulet)
Stlth   ++           E - +6 ring of dexterity
HPRegen 0.33/turn    H - +4 ring of protection
MPRegen 0.12/turn

%: no passive effects
@: tree-form, weakened, radiating poison, on berserk cooldown, slowed, studying
Shields, very slow
A: stationary, stasis, torment immunity, boosted hp, ignite blood 1, big brain 2
a: Renounce Religion, Curse Item


You were on level 5 of the Dungeon.
You worshipped Ashenzari.
Ashenzari was noncommittal.
You were a tree.
You visited 1 branch of the dungeon, and saw 5 of its levels.

You collected 145 gold pieces.

Inventory:

Hand Weapons
 d - a +0 dagger
 o - a +0 short sword (weapon)
 v - a +0 rapier
Missiles
 c - 51 stones
Armour
 a - a +0 robe
 e - a +0 cloak (melded)
 g - a +0 chain mail
 h - a +2 leather armour of cold resistance (melded)
 l - a +0 cloak
 m - a +0 ring mail
 x - a +0 chain mail
 z - a +0 pair of gloves (melded)
 B - a +0 scale mail
 F - a +0 helmet (melded)
 J - a +0 buckler (worn)
 K - a +0 buckler
Jewellery
 E - a +6 ring of dexterity (left branch)
 H - a +4 ring of protection (right branch)
Scrolls
 f - a scroll of poison
 p - a scroll of acquirement {unknown}
 w - a scroll of immolation {unknown}
 y - 3 scrolls of vulnerability
 A - a scroll of fog {unknown}
 D - a scroll of amnesia {unknown}
 I - a scroll of noise {unknown}
 L - a scroll of identify
Potions
 b - a potion of magic
 i - a potion of flight
 j - 3 potions of attraction
 k - a potion of brilliance {unknown}
 r - a potion of degeneration
 t - a potion of haste {unknown}
 G - a potion of resistance {unknown}


   Skills:
 - Level 3.4 Fighting
 - Level 1.7 Dodging
 - Level 1.7 Stealth
 + Level 7.6 Shields
 - Level 2.0 Spellcasting
 - Level 2.1 Transmutations
 - Level 5.3 Poison Magic


You had 5 spell levels left.
You knew the following spells:

 Your Spells              Type           Power      Damage    Failure   Level
a - Sting                 Tmut/Pois      72%        1d6       4%          1
b - Olgreb's Toxic Radia  Pois           25%        N/A       24%         4

Your spell library contained the following spells:

 Spells                   Type           Power      Damage    Failure   Level
 Poisonous Vapours        Pois/Air       28%        N/A       11%         2
 Mephitic Cloud           Conj/Pois/Air  10%        N/A       30%         3
 Lesser Beckoning         Tloc           4%         N/A       32%         2
 Sublimation of Blood     Necr           2%         N/A       32%         2
 Gell's Gravitas          Tloc           2%         N/A       54%         3
 Teleport Other           Tloc           2%         N/A       54%         3
 Petrify                  Tmut/Erth      6%         N/A       80%         4
 Irradiate                Conj/Tmut      3%         3d12      98%         5


Dungeon Overview and Level Annotations

Branches:
Dungeon (5/15)             Temple (0/1) D:4

Altars:
Ashenzari
Fedhas
Nemelex Xobeh
Ru
Wu Jian
Yredelemnul

Annotations:
D:2 1 runed translucent door, Crazy Yiuf


Innate Abilities, Weirdness & Mutations

You are a tree.
Your roots penetrate the ground, keeping you stationary.
You cannot be teleported.
You are immune to unholy pain and torment.
Your maximum health is greatly increased.
Your equipment is partially melded.
Your demonic aura sometimes causes spilled blood to erupt in flames.
You have an extremely huge brain. (Int +4)


Message History

You are no longer poisoned.
The gnoll bouda gazes fiercely through you!
You feel as though you will be weak longer.
It was a potion of lignification.
You turn into a tree.
Your +0 cloak melds into your body.
Your +0 helmet melds into your body.
Your +0 pair of gloves melds into your body.
Your +2 leather armour of cold resistance melds into your body.
You feel less resistant to cold.
Your roots penetrate the ground.
The hound bites you but does no damage.
You barely miss the gnoll bouda.
The gnoll bouda is heavily wounded.
The hound bites you but does no damage.
The gnoll bouda hits you with a +0 whip.
* * * LOW HITPOINT WARNING * * *
You block the hound's attack. The gnoll hits you but does no damage.
The gnoll bouda hits you but does no damage.
You closely miss the gnoll bouda.
The gnoll bouda is heavily wounded.
The hound bites you but does no damage. The gnoll hits you but does no damage.
The hound bites you but does no damage.
The gnoll bouda barks out a call to the hunt!
The gnoll picks up the pace!
The gnoll completely misses you.
The gnoll shouts!
Casting: Olgreb's Toxic Radiance (dangerous; 24% risk of failure)
Press: ? - help, Q - select action, (/) - cycle Dir - look around, f - activate You begin to radiate toxic energy.
The gnoll bouda is poisoned.
The gnoll is poisoned.
The gnoll is poisoned.
The hound is poisoned.
The gnoll is poisoned.
The jackal is poisoned.
The jackal is poisoned.
The gnoll bouda looks even sicker.
The gnoll looks even sicker. x2
The hound looks even sicker.
You kill the jackal!
You kill the gnoll!
You kill the jackal!
You block the hound's attack. The hound bites you but does no damage.
The gnoll bouda hits you but does no damage.
The gnoll bouda gazes fiercely through you!
You feel as though you will be weak longer.
The gnoll bouda hits you with a +0 whip.
You die...

.....##..##...........#..........
......#''#.......#....##.........
..##........##.........#.......##
.####..)...####..#..#.#...#...##
##..'......'..##...##.#...#...#
#..'......'..##.#..............
####......####....##...........
#....h...##†g........
......#''#..).†h♣......#
.....##..##)...g.##...## .....
#.(##.........#.# ..#..
####.........## ....
#............ .. ....g......#...
..........###.... ##......... ...


You could see a gnoll bouda (very poisoned), a hound (very poisoned) and 2
gnolls.

Vanquished Creatures
  A black bear (D:4)
  Blork the orc (D:5)
  3 gnoll sergeants (D:5)
  A scorpion (D:4)
  A gnoll bouda (D:5)
  5 hounds
  A sleepcap (D:5)
  8 gnolls
  6 adders
  3 worms
  2 dart slugs (D:2)
  17 orcs
  2 bats (D:2)
  8 endoplasms
  2 giant cockroaches
  5 goblins
  9 hobgoblins
  3 jackals (D:5)
  2 quokkas
  3 ball pythons
  3 frilled lizards
  6 kobolds
  3 rats
95 creatures vanquished.

Notes
Turn   | Place    | Note
-------+----------+-------------------------------------------
     0 | D:1      | AgateBread the Demonspawn Venom Mage began the quest for
                  | the Orb.
     0 | D:1      | Reached XP level 1. HP: 13/13 MP: 3/3
    96 | D:1      | Reached skill level 1 in Transmutations
   302 | D:1      | Found a faded altar of an unknown god.
   495 | D:1      | Gained mutation: You have an unusually large brain. (Int
                  | +2) [demonic ancestry]
   495 | D:1      | Reached XP level 2. HP: 20/20 MP: 0/5
   900 | D:1      | Reached skill level 1 in Fighting
  1493 | D:2      | Found a runed translucent door.
  1494 | D:2      | Noticed Crazy Yiuf
  1644 | D:2      | Reached XP level 3. HP: 22/26 MP: 3/6
  3071 | D:3      | Found a sacrificial altar of Ru.
  3454 | D:3      | Found a broken altar of Ashenzari.
  3479 | D:3      | Became a worshipper of Ashenzari the Shackled
  3717 | D:3      | Reached skill level 1 in Shields
  3717 | D:3      | Gained mutation: You have an extremely huge brain. (Int +4)
                  | [demonic ancestry]
  3717 | D:3      | Reached XP level 4. HP: 32/33 MP: 2/7
  3958 | D:4      | Noticed a black bear
  3964 | D:4      | Noticed an ogre
  4012 | D:4      | Found a staircase to the Ecumenical Temple.
  4044 | D:4      | Gained mutation: Your demonic aura sometimes causes spilled
                  | blood to erupt in flames. [demonic ancestry]
  4044 | D:4      | Reached XP level 5. HP: 37/39 MP: 6/8
  4061 | D:4      | Reached skill level 2 in Shields
  4234 | D:4      | Killed a black bear
  4235 | D:4      | Reached skill level 3 in Shields
  4290 | D:3      | Learned a level 4 spell: Olgreb's Toxic Radiance
  4768 | D:4      | Reached XP level 6. HP: 37/47 MP: 6/9
  4882 | D:4      | Found a blossoming altar of Fedhas.
  4960 | D:4      | Found a basalt altar of Yredelemnul.
  5083 | D:4      | Found a sparkling altar of Nemelex Xobeh.
  5254 | D:5      | Entered Level 5 of the Dungeon
  5315 | D:5      | Found an ornate altar of the Wu Jian Council.
  5614 | D:5      | Noticed Blork the orc
  5632 | D:5      | Killed Blork the orc
  5633 | D:5      | Reached skill level 4 in Shields
  5633 | D:5      | Reached skill level 5 in Poison Magic
  5774 | D:5      | Reached XP level 7. HP: 52/52 MP: 7/10
  5879 | D:5      | Reached skill level 5 in Shields
  6002 | D:5      | Reached skill level 6 in Shields
  6169 | D:5      | Reached skill level 7 in Shields
  6346 | D:5      | HP: 2/52 [poisoned by you (poison gas)]
  6351 | D:5      | Slain by a gnoll bouda

Illustrated notes

Levels and vault maps discovered:
D:1:      minmay_arrival_cross, layout_basic,
          hellmonk_ecumenical_altar_arch_garden, skrybe_limestone_x,
          nicolae_titane
D:2:      layout_loops_corners, uniq_crazy_yiuf_cottage
D:3:      layout_basic, mainiacjoe_overflow_tiny_flanked,
          cheibrodos_ashenzari_chains, dk_noncrumbling_3, grunt_ministairs_12,
          cheibrodos_gnoll_hut
D:4:      layout_cave_pools, kennysheep_mini_moat, lemuel_crystal_altar,
          fedhas_altar_fruit_tree, minmay_temple_entry_wispy,
          serial_column_ruins, column_ruins_hut, column_ruins_grid_1,
          column_ruins_open_medium, column_ruins_open_small,
          column_ruins_open_tiny, minmay_crossroads
D:5:      layout_cave_pools, nicolae_wu_jian_wuxing_cycle, serial_gnoll_camp,
          gnoll_camp_mini_hut, gnoll_camp_huts_basic, gnoll_camp_mini_loothouse,
          gnoll_camp_medium_01, gnoll_camp_mini_hut, gnoll_camp_mini_basic,
          uniq_blork_the_orc

Skill      XL: |  1  2  3  4  5  6  7 |
---------------+----------------------+-----
Transmutations | 1 2 |  2.1
Fighting       | 1 2 3 |  3.4
Shields        | 1 3 4 7 |  7.6
Poison Magic   | 4 5 |  5.3
Dodging        | |  1.7
Stealth        | |  1.7
Spellcasting   | |  2.0

Action                     |  1- 3 |  4- 6 |  7- 9 || total
---------------------------+-------+-------+-------++-------
  Melee: Dagger            |    30 |       |       ||    30
         Unarmed           |     2 |       |       ||     2
         Short sword       |    60 |    98 |    59 ||   217
         Punch             |       |     4 |       ||     4
  Throw: Stone             |       |     5 |     1 ||     6
   Cast: Sting             |    67 |    50 |    46 ||   163
         Olgreb's Toxic Ra |       |       |     1 ||     1
    Use: Scroll            |     3 |     4 |     4 ||    11
         Potion            |       |       |     7 ||     7
   Stab: Sleeping          |       |     1 |       ||     1
 Armour: Robe              |     2 |       |       ||     2
         Leather armour    |    22 |    43 |    39 ||   104
         Skin              |       |       |     9 ||     9
  Dodge: Dodged            |    64 |    69 |    61 ||   194
  Block: Buckler           |       |     4 |    52 ||    56
